[Event "*** Titled Tuesday Blitz"]
[Site "Chess.com"]
[Date "2020.04.07"]
[Round "2"]
[White "Bigfish1995"]
[Black "DryCounty"]
[Result "1-0"]
[WhiteElo "2967"]
[BlackElo "2600"]
[TimeControl "180+1"]
[EndTime "13:19:56 PDT"]
[Termination "Bigfish1995 won on time"]

1. d4 Nf6 2. Bg5 Ne4 3. Bf4 c5 4. f3 Qa5+ 5. c3 Nf6 6. d5 Qb6 7.
Bc1 e6 8. e4 c4 9. Bxc4 Bc5 10. Ne2 exd5 11. exd5 O-O 12. a4 a5 13.
Na3 d6 14. Nb5 Nbd7 15. Ned4 Ne5 16. Bb3 Bd7 17. Be3 Neg4 18. Bg1 Rfe8+ 19. Kd2 Ne5 20. Qf1 Rac8 21. h3 Nh5 22. Bf2 Qd8 23. h4 Qf6 24.
Re1 Qh6+ 25. Be3 Qg6 26. Bc2 Ng3 27. Bxg6 Nxf1+ 28. Rhxf1 Nc4+ 29. Kd3 Nxb2+ 30. Kc2 Nc4 31. Bxh7+ Kxh7 32. Bc1 Ne5 33. Kb3 Bxd4 34. cxd4 Nd3 35. Rxe8 Bxe8 36. Bd2 Bxb5 37. axb5 Re8 38. Bxa5 Re2 39.
g4 Nf4 40. Bc7 Nxd5 41. Bxd6 Re3+ 42. Kc4 Nf6 43. Be5 1-0

[Event "*** Titled Tuesday Blitz"]
[Site "Chess.com"]
[Date "2020.04.07"]
[Round "2"]
[White "LADIESGET2KNOWME"]
[Black "Trickov"]
[Result "0-1"]
[WhiteElo "2452"]
[BlackElo "2236"]
[TimeControl "180+1"]
[EndTime "13:19:56 PDT"]
[Termination "Trickov won by checkmate"]

1. d4 d5 2. Nc3 Nf6 3. Bg5 Bf5 4. f3 Nbd7 5. Nxd5 Nxd5 6. e4 h6 7. Bh4 Bxe4 8. fxe4 Nf4 9. Qd2 Ng6 10. Bg3 e6 11. Nf3 Bd6 12. e5 Be7 13. Bd3 Nh4 14. O-O O-O 15.
Qe2 Nf5 16. Bf2 c6 17. c3 g6 18. Qd2 Kh7 19. Rae1 Re8 20. g4 Ng7 21. h4 Rg8 22. Be3 h5 23. Ng5+ Bxg5 24. Bxg5 Qe8 25. Qe2 hxg4 26.
Qxg4 Nf5 27. Re2 Rd8 28. Rh2 Nxe5 29. dxe5 Rxd3 30. Bf4 Qd8 31. Bc1 Rg3+ 32. Qxg3 Nxg3 33. Rxf7+ Kh8 34. Kg2 Nh5 35. Bg5 Qd5+ 36. Kf2 Qxe5 37. Rh3 Qc5+ 38. Ke2 Qc4+ 39. Kd2 Qd5+ 40. Kc2 Qe4+ 41.
Kb3 Rg7 42. Rf8+ Kh7 43. Rhf3 Qd5+ 44. Kc2 Rd7 45. a4 Qd1# 0-1

[Event "*** Titled Tuesday Blitz"]
[Site "Chess.com"]
[Date "2020.04.07"]
[Round "2"]
[White "elohunter1999"]
[Black "SidArun"]
[Result "1-0"]
[WhiteElo "2464"]
[BlackElo "2209"]
[TimeControl "180+1"]
[EndTime "13:19:56 PDT"]
[Termination "elohunter1999 won by checkmate"]

1. e4 c6 2. d4 d5 3. e5 Bf5 4. Nf3 e6 5. Be2 c5 6. Be3 cxd4 7. Nxd4 Ne7 8. O-O Nbc6 9. Bb5 a6 10. Bxc6+ bxc6 11. c4 c5 12. Qa4+ Qd7 13. Qxd7+ Kxd7 14. Nb3 Nc6 15. cxd5 exd5 16. Bxc5 Nxe5 17. Nc3 Bxc5 18. Nxc5+ Kc6 19. Nb3 Be6 20. f4 Nd3 21. f5 Bd7 22. Rad1 Nxb2 23. Rxd5 Na4 24. Nd4+ Kc7 25. Rxd7+ Kxd7 26.
Nxa4 Rab8 27. Rd1 Rhc8 28. Nb3+ Ke7 29. Nac5 a5 30. Rd7+ Ke8 31. Ra7 Rb5 32. Ne4 Rd5 33.
f6 g6 34. Rxa5 Rxa5 35. Nxa5 Ra8 36. Nd6+ Kf8 37. Ndc4 Ke8 38. Kf2 Ra6 39. Ke3 Rxf6 40. a4 Kd7 41. Nb3 Kc6 42. Kd4 Rf4+ 43. Kc3 Rf2 44. Kb4 Rxg2 45. Nd4+ Kd7 46. a5 Ra2 47.
Na3 Kc7 48. Ndb5+ Kc6 49. h4 Rb2+ 50. Kc4 f5 51. a6 Kb6 52. a7 Kb7 53. Kc5 Ra2 54.
Nc4 f4 55. Ncd6+ Ka8 56. Kb6 Rxa7 57. Nxa7 f3 58. Nc6 h6 59. Ne8 g5 60. Nc7# 1-0

[Event "*** Titled Tuesday Blitz"]
[Site "Chess.com"]
[Date "2020.04.07"]
[Round "2"]
[White "bestluluNA"]
[Black "GM-AndreyOrlov"]
[Result "0-1"]
[WhiteElo "2523"]
[BlackElo "2819"]
[TimeControl "180+1"]
[EndTime "13:19:57 PDT"]
[Termination "GM-AndreyOrlov won on time"]

1. d4 d6 2. c4 e5 3. Nc3 exd4 4.
Qxd4 Nc6 5. Qd2 Be6 6. e4 g6 7. b3 Bg7 8. Bb2 Nf6 9. g3 O-O 10.
Bg2 a5 11. Nge2 a4 12. O-O a3 13. Bc1 Re8 14. Rb1 Bd7 15. f3 Ne5 16. Qc2 Bc6 17. Rd1 Qc8 18. Be3 h5 19. Nd5 h4 20. Bg5 Bxd5 21.
cxd5 hxg3 22. hxg3 Qd7 23. Rbc1 Rac8 24. Qd2 Qb5 25.
Nd4 Qa6 26. Bh3 c5 27. Bxc8 cxd4 28. Kg2 Nxf3 29. Kxf3 Nxe4 30. Qf4 Nxg5+ 31. Kg2 Qe2+ 32. Qf2 Qe4+ 33. Kh2 Nf3+ 34. Kh3 Re5 35. g4 Rxd5 36. Bxb7 Ng5+ 37. Kh4 Nf3+ 38. Kh3 Bf6 39. Bxd5 Ng5+ 40. Kg3 Be5+ 41. Kh4 Qxd5 42. Rc8+ Kg7 43. Rd3 Bf6 44. Kg3 Qe5+ 45. Qf4 Qe1+ 46. Kg2 Qe2+ 47. Qf2 Qxd3 48. Rc2 Qe4+ 49. Kf1 d3 50. Rd2 Bd4 51. Qg2 Qf4+ 52. Ke1 Bc3 53. Kd1 Qxd2+ 54. Qxd2 Bxd2 55. Kxd2 Kf6 56. Kxd3 Ke5 0-1

[Event "*** Titled Tuesday Blitz"]
[Site "Chess.com"]
[Date "2020.04.07"]
[Round "2"]
[White "hedgehog280"]
[Black "mshuaau0"]
[Result "1-0"]
[WhiteElo "2647"]
[BlackElo "2203"]
[TimeControl "180+1"]
[EndTime "13:19:57 PDT"]
[Termination "hedgehog280 won by checkmate"]

1. c4 e6 2. Nc3 d5 3. cxd5 exd5 4. d4 Nf6 5. g3 c6 6. Bg2 Bd6 7. Bf4 Bxf4 8. gxf4 O-O 9. Nf3 Qb6 10. Qc2 g6 11. e3 Bf5 12. Qd2 Ne4 13. Nxe4 Bxe4 14. O-O Nd7 15. Ne5 Nxe5 16. fxe5 Bxg2 17. Kxg2 f6 18.
f4 Rae8 19. Kh1 Re7 20. b4 Ref7 21. a4 fxe5 22. dxe5 d4 23. exd4 Qd8 24. Ra3 Qd5+ 25. Kg1 Rf5 26. Rg3 Kh8 27. Rg5 Rxg5+ 28. fxg5 Rxf1+ 29. Kxf1 Qh1+ 30. Ke2 Qxh2+ 31. Kd3 Qg3+ 32. Qe3 Qg4 33. e6 Qd1+ 34. Kc3 Qa1+ 35. Kd2 Qa2+ 36.
Ke1 Qb1+ 37. Kf2 Qf5+ 38. Kg3 Qf8 39. e7 Qe8 40. Qe6 Kg7 41. Kf4 h5 42. Ke5 Qb8+ 43. Qd6 Qe8 44. Ke6 Qg8+ 45. Kd7 Qf7 46. Qf6+ Qxf6 47. gxf6+ Kxf6 48. e8=Q h4 49. Qe5+ Kf7 50. Qe7+ Kg8 51. Ke6 Kh8 52. Kf6 h3 53. Qg7# 1-0

[Event "*** Titled Tuesday Blitz"]
[Site "Chess.com"]
[Date "2020.04.07"]
[Round "2"]
[White "Borsuk_Konstantin"]
[Black "meridaandres"]
[Result "0-1"]
[WhiteElo "2476"]
[BlackElo "2279"]
[TimeControl "180+1"]
[EndTime "13:19:57 PDT"]
[Termination "meridaandres won on time"]

1. d4 Nf6 2. c4 g6 3. Nc3 Bg7 4.
e4 d6 5. f3 O-O 6. Be3 Nbd7 7.
Qd2 c5 8. Nge2 Qa5 9. Nc1 a6 10.
Nb3 Qb4 11. Qc2 Qb6 12. dxc5 Nxc5 13. Nxc5 dxc5 14. Na4 Qa5+ 15. Bd2 Qc7 16. Nc3 e6 17. Be2 Bd7 18. O-O Rfd8 19. f4 Bc6 20. Be3 b6 21. e5 Nd7 22. Ne4 Bxe4 23. Qxe4 Ra7 24. h4 h5 25. Rad1 Nb8 26. Bf3 Qc8 27. b4 Rad7 28.
bxc5 bxc5 29. Rxd7 Nxd7 30. Rb1 Qc7 31. Qc6 Qa5 32.
Rd1 Nf8 33. Rxd8 Qxd8 34. Qxc5 Qxh4 35. Kf1 Qh1+ 36. Bg1 h4 37. Qf2 Bh6 38. Be4 h3 39.
Qg3 hxg2+ 40. Bxg2 Qh5 41. Bf3 Qf5 42. Be3 Qd3+ 43.
Kf2 Qxc4 44. Be2 Qe4 45. Qf3 Qc2 46. a3 Qa2 47. Bc5 Qb2 48. Qa8 Qc2 49. Be3 Qf5 50.
Qf3 Qc2 51. a4 Qxa4 0-1

[Event "*** Titled Tuesday Blitz"]
[Site "Chess.com"]
[Date "2020.04.07"]
[Round "2"]
[White "wild_cat99"]
[Black "almo64"]
[Result "1/2-1/2"]
[WhiteElo "2523"]
[BlackElo "2660"]
[TimeControl "180+1"]
[EndTime "13:19:59 PDT"]
[Termination "Game drawn - insufficient material"]

1. Nf3 d5 2. e3 Bf5 3. c4 c6 4.
Nc3 e6 5. Qb3 Qb6 6. d4 Nd7 7.
Bd2 h6 8. Be2 Ngf6 9. O-O Be7 10.
c5 Qc7 11. h3 O-O 12. Nh4 Bh7 13. f4 b6 14. cxb6 Qxb6 15. Qxb6 Nxb6 16. a4 Nc4 17. Bxc4 dxc4 18. f5 Nd5 19. Nf3 Nxc3 20. Bxc3 Bxf5 21. Rfe1 Rfc8 22. e4 Bh7 23. Ne5 Bh4 24. Re2 Rab8 25. Nxc4 c5 26. Nd6 Rc6 27. dxc5 Rxc5 28. Rd1 Bg6 29.
Red2 Bg3 30. Rd3 Be5 31. Bxe5 Rxe5 32. Rd4 Rxb2 33. Nc4 Bh5 34. Nxe5 Bxd1 35. Rxd1 f6 36. Rd8+ Kh7 37. Nd7 Kg6 38. Nf8+ Kg5 39. Nxe6+ Kh4 40.
Nxg7 Kg3 41. Nf5+ Kf4 42. Re8 Ra2 43. g3+ Kf3 44. Nd4+ Ke3 45. Nf5+ Kf3 46. h4 Rxa4 47. h5 a5 48. Nxh6 Rxe4 49. Rxe4 Kxe4 50. Nf7 a4 51. Nd6+ Kd5 52. Nb5 Ke6 53. Na3 Kf5 54. g4+ Kg5 55. Kg2 f5 56. gxf5 Kxf5 57. Kf3 Kg5 58. Ke4 Kxh5 59.
Kd4 Kh4 60. Kc4 Kh3 61. Kb4 Kh2 62. Kxa4 1/2-1/2

[Event "*** Titled Tuesday Blitz"]
[Site "Chess.com"]
[Date "2020.04.07"]
[Round "2"]
[White "skoularikii"]
[Black "tomozupan"]
[Result "1/2-1/2"]
[WhiteElo "2482"]
[BlackElo "2267"]
[TimeControl "180+1"]
[EndTime "13:19:59 PDT"]
[Termination "Game drawn by repetition"]

1. e4 e5 2. Nf3 Nc6 3. Bb5 Nge7 4.
O-O g6 5. d4 exd4 6. Nxd4 Bg7 7.
Be3 O-O 8. Nc3 a6 9. Bxc6 Nxc6 10. Nxc6 dxc6 11. Qxd8 Rxd8 12. Bf4 Be6 13. Bxc7 Rd2 14.
Rfc1 Bh6 15. Bb6 Re8 16. g3 Bh3 17. f4 Bg7 18. e5 Bf8 19. Be3 Rg2+ 20. Kh1 f6 21.
Ne4 Bg7 22. Nf2 Rxf2 23. Bxf2 fxe5 24. Re1 Kf7 25. fxe5 Rxe5 26. Rxe5 Bxe5 27. c3 Ke6 28. Re1 Kd5 29. c4+ Kd6 30. Bc5+ Kxc5 31. Rxe5+ Kxc4 32. Re7 b5 33. Rxh7 Bf5 34. Kg2 a5 35. Kf3 Bb1 36.
Rg7 c5 37. h4 b4 38. g4 a4 39. Ke3 a3 40. bxa3 bxa3 41. Ra7 Bxa2 42. Rxa3 Bb1 43.
Ra6 Kd5 44. Kf4 c4 45. Ra3 Kd4 46. Ra1 Bd3 47. Rc1 c3 48. h5 gxh5 49. gxh5 c2 50. Kf3 Kc3 51. Ke3 Kb2 52. Kd2 Bh7 53.
h6 Bg6 54. Rg1 Bh7 55. Rf1 Bg6 56. Rg1 Bh7 57. Rh1 Bg6 58. Rg1 1/2-1/2

[Event "*** Titled Tuesday Blitz"]
[Site "Chess.com"]
[Date "2020.04.07"]
[Round "2"]
[White "Natalya_Buksa"]
[Black "tteshan"]
[Result "1-0"]
[WhiteElo "2451"]
[BlackElo "2186"]
[TimeControl "180+1"]
[EndTime "13:19:59 PDT"]
[Termination "Natalya_Buksa won by resignation"]

1. e4 c5 2. Nf3 e6 3. d4 cxd4 4. Nxd4 Nf6 5. Nc3 d6 6. Be2 a6 7. Be3 Be7 8. O-O O-O 9. f4 Qc7 10. Kh1 b5 11. a3 Bb7 12. Bd3 Nbd7 13. Qe2 Nc5 14. Bd2 Rac8 15. Rae1 Nxd3 16. cxd3 Nd7 17.
f5 e5 18. Nc2 f6 19. Ne3 Nb6 20. Rf3 Rfd8 21. Rh3 Nd7 22. Qh5 Nf8 23. Rg3 Rd7 24.
Ng4 Bd8 25. Bh6 Kh8 26. Bd2 Rf7 27. Ne3 Qd7 28. Ned5 a5 29. Nxb5 Bxd5 30. exd5 Re7 31. Nc3 Bb6 32. Be3 Bd4 33. Bxd4 exd4 34. Ne4 Rce8 35.
h3 Re5 36. Rf1 Rxd5 37. Qg4 Qf7 38. Qf3 Rde5 39. Qf2 Qd7 40. Qxd4 Rxf5 41. Rxf5 Qxf5 42. Qxd6 Ne6 43. Kh2 Rd8 44. Qe7 Qe5 45. Kh1 h6 46. Rxg7 Nxg7 47. Qxd8+ Kh7 48. Nxf6+ Kg6 49. Ne4 Qf4 50.
Qd6+ Kh7 51. Qxf4 1-0

[Event "*** Titled Tuesday Blitz"]
[Site "Chess.com"]
[Date "2020.04.07"]
[Round "2"]
[White "Manukyan_Artak"]
[Black "CakeinSpace2002"]
[Result "0-1"]
[WhiteElo "2427"]
[BlackElo "2175"]
[TimeControl "180+1"]
[EndTime "13:19:59 PDT"]
[Termination "CakeinSpace2002 won by resignation"]

1. e4 d5 2. exd5 Qxd5 3. Nc3 Qd8 4. d4 Nf6 5. Bc4 g6 6. h3 Bg7 7. Nf3 O-O 8. Bg5 a6 9. O-O b5 10. Be2 Bb7 11. Re1 Nbd7 12. Qc1 c5 13. dxc5 Nxc5 14.
Bh6 e6 15. Bxg7 Kxg7 16. a3 Rc8 17. Qg5 Nce4 18. Nxe4 Nxe4 19. Qxd8 Rfxd8 20. c3 Nc5 21. Rad1 Bd5 22. Nd4 e5 23. Nf3 f6 24. Kf1 Bb3 25. Rxd8 Rxd8 26. Rc1 Nd3 27. Bxd3 Rxd3 28. Ke2 Bc4 29.
Ke1 h6 30. Nd2 f5 31. Rd1 Bd5 32. f3 Kf6 33. Nf1 Rxd1+ 34. Kxd1 e4 35. f4 g5 36. g3 h5 37. h4 g4 38. Ne3 Ke6 39. Kc2 a5 40. b3 a4 41. bxa4 bxa4 42. c4 Bc6 43.
Kc3 Kd6 44. Nxf5+ Kc5 45. Ne3 Bd7 46. f5 Be8 47. f6 Bf7 48. Nf5 Bxc4 49. Nh6 e3 50. f7 Bxf7 51. Nxf7 e2 52. Kd2 Kc4 53. Nd6+ Kb3 54. Nb5 Kc4 55. Nc3 e1=Q+ 56. Kxe1 Kxc3 57. Kd1 Kd3 58. Kc1 Ke3 59. Kc2 Kf3 60. Kc3 Kxg3 61. Kb4 Kxh4 62. Kxa4 g3 0-1

[Event "*** Titled Tuesday Blitz"]
[Site "Chess.com"]
[Date "2020.04.07"]
[Round "2"]
[White "erlesfar"]
[Black "IMUltimateBeast"]
[Result "0-1"]
[WhiteElo "2056"]
[BlackElo "2631"]
[TimeControl "180+1"]
[EndTime "13:20:00 PDT"]
[Termination "IMUltimateBeast won by checkmate"]

1. e4 c5 2. d4 cxd4 3. c3 dxc3 4. Nxc3 Nc6 5. Nf3 d6 6. Bc4 e6 7. O-O Nf6 8. Qe2 Be7 9. Rd1 Bd7 10. h3 a6 11. Bf4 e5 12. Bg5 Be6 13. b4 O-O 14.
Rab1 Rc8 15. Bxe6 fxe6 16. b5 axb5 17. Nxb5 Qd7 18. Bxf6 gxf6 19. Qd2 Rfd8 20. Nc3 Bf8 21. Na4 Qc7 22. Nb6 Rb8 23. Rdc1 Qf7 24. Qb2 d5 25.
Qe2 dxe4 26. Qxe4 f5 27. Qc4 Bg7 28. Ng5 Qf6 29. Qxe6+ Qxe6 30. Nxe6 Rd6 31. Nc5 Rd2 32. Nbd7 Re8 33. Rxb7 Nd4 34. Rcb1 Rxa2 35. Rb8 Rxb8 36.
Rxb8+ Kf7 37. Rb7 Kg6 38. Rb6+ Kg5 39. Ne6+ Nxe6 40. Rxe6 e4 41. Ne5 Ra1+ 42. Kh2 Bxe5+ 43. Rxe5 Kf4 44. Re7 Ra2 45. Kg1 Ra1+ 46. Kh2 Rf1 47.
Rxh7 Rxf2 48. Re7 Rd2 49. h4 Rd8 50. Kh3 Rd3+ 51. Kh2 Rd6 52. Kh3 Rd1 53. Kh2 Kg4 54. Re5 Rf1 55. h5 Kxh5 56. Kg3 Kg5 57. Re8 f4+ 58.
Kh2 Re1 59. Re5+ Kf6 60. Re8 Kf5 61. Kh3 Rh1# 0-1

[Event "*** Titled Tuesday Blitz"]
[Site "Chess.com"]
[Date "2020.04.07"]
[Round "2"]
[White "Chessalary"]
[Black "JustWatch000"]
[Result "0-1"]
[WhiteElo "2252"]
[BlackElo "2579"]
[TimeControl "180+1"]
[EndTime "13:20:00 PDT"]
[Termination "JustWatch000 won by resignation"]

1. e4 c5 2. Nf3 e6 3. d4 cxd4 4. Nxd4 Nf6 5. Nc3 Nc6 6. Ndb5 d6 7. Bf4 e5 8. Bg5 a6 9. Na3 b5 10. Nd5 Be7 11. Bxf6 Bxf6 12. c3 O-O 13. Nc2 Be6 14. Nce3 Bg5 15. h4 Bh6 16. a4 bxa4 17. Rxa4 a5 18. b3 Rb8 19. Bc4 Qd7 20. g4 Bf4 21. Nxf4 exf4 22. Nf5 Ne5 23. Bxe6 Qxe6 24. O-O Qxb3 25. Qxb3 Rxb3 26. Rxa5 Rxc3 27. Nxd6 Nf3+ 28. Kg2 Nxh4+ 29. Kh2 Nf3+ 30. Kg2 g6 31. Nb5 Nh4+ 32.
Kh2 Rc5 33. Rfa1 h5 34. gxh5 Rxh5 35. Nd6 Nf3+ 36. Kg2 Ne5 37. Ra8 Rg5+ 38. Kf1 Nd7 39. Rxf8+ Kxf8 40. Ra7 Ne5 41. f3 Rh5 42. Kg2 Rg5+ 43.
Kf1 Rg3 44. Ke2 Rg2+ 45. Kf1 Rd2 46. Nb5 Nxf3 47. Nc3 Nh2+ 48. Kg1 Ng4 49. Ra8+ Kg7 50. Nd5 f3 51. Ra1 Rg2+ 52. Kh1 Rh2+ 53. Kg1 f2+ 0-1

[Event "*** Titled Tuesday Blitz"]
[Site "Chess.com"]
[Date "2020.04.07"]
[Round "2"]
[White "Caracternin123"]
[Black "Batica1984"]
[Result "0-1"]
[WhiteElo "2550"]
[BlackElo "2841"]
[TimeControl "180+1"]
[EndTime "13:20:01 PDT"]
[Termination "Batica1984 won by checkmate"]

1. d4 Nf6 2. Nf3 e6 3. g3 c5 4. Bg2 cxd4 5. O-O d5 6. Nxd4 e5 7. Nb3 Be6 8. c4 Nc6 9. cxd5 Bxd5 10. Nc3 Bxg2 11. Kxg2 Bb4 12. Bg5 Bxc3 13. Qxd8+ Nxd8 14. bxc3 Ne4 15. Bxd8 Rxd8 16. Rac1 Ke7 17. f3 Nd6 18. c4 Nf5 19. Kf2 h5 20. Rfd1 Rxd1 21. Rxd1 Rc8 22.
c5 Rc6 23. Rd5 f6 24. e4 Nh6 25. Na5 Rc7 26. Ke3 Nf7 27. Nb3 Nd8 28. f4 Nc6 29. Nd2 Nb4 30. fxe5 Nxd5+ 31. exd5 Rxc5 32. Kd4 Ra5 33. Nc4 fxe5+ 34. Kxe5 Rxa2 35. d6+ Kd7 36. Kd5 Re2 37. h3 b5 38. Na5 Rd2+ 39. Kc5 Rxd6 40. Kxb5 Rd5+ 41. Kb4 Rxa5 42. Kxa5 Ke6 43. Ka6 Kf5 44.
Kxa7 Ke4 45. Kb6 Kf3 46. g4 hxg4 47. hxg4 g5 48. Kc5 Kxg4 49. Kd4 Kf3 50. Kd3 g4 51. Kd2 g3 52. Kd3 g2 53. Kd4 g1=Q+ 54. Ke5 Qg4 55.
Kd6 Qf5 56. Ke7 Qg6 57. Kf8 Qh7 58. Ke8 Ke4 59. Kd8 Kd5 60. Kc8 Kc6 61. Kb8 Qb7# 0-1

[Event "*** Titled Tuesday Blitz"]
[Site "Chess.com"]
[Date "2020.04.07"]
[Round "2"]
[White "korbul"]
[Black "Vaathi_Coming"]
[Result "1-0"]
[WhiteElo "2573"]
[BlackElo "2836"]
[TimeControl "180+1"]
[EndTime "13:20:02 PDT"]
[Termination "korbul won by resignation"]

1. d4 d5 2. c4 e6 3. Nc3 Nf6 4.
Nf3 c6 5. e3 Nbd7 6. Be2 dxc4 7. a4 b5 8. axb5 cxb5 9. Nxb5 Bb4+ 10. Bd2 Bxd2+ 11. Qxd2 O-O 12. Bxc4 Bb7 13. O-O Bxf3 14. gxf3 Ne5 15. Be2 Qd5 16. Kg2 Ng6 17. Nc3 Qf5 18.
Kh1 Rfd8 19. Rg1 e5 20. d5 e4 21. f4 h6 22. d6 Nh4 23. Qd4 Qe6 24. Rad1 Nf5 25.
Qe5 Rxd6 26. Rxd6 Nxd6 27. Qxe6 fxe6 28. Ra1 a5 29. Ra4 Rb8 30. Ra2 Nf5 31. Kg2 g5 32.
fxg5 hxg5 33. h3 Kg7 34. Kf1 Kg6 35. Ke1 Nh4 36. Kd2 Rd8+ 37. Kc2 Ng2 38. Rxa5 Ne1+ 39. Kc1 Rh8 40. Re5 Rxh3 41. Nxe4 Rh1 42. Rxe6 Kf5 43. Rxf6+ Kxe4 44. Kd2 Ke5 45. Rf8 Ng2 46. Bf3 Rh2 47. Bxg2 Rxg2 48. Ke2 Rg1 49. Rg8 Rb1 50. Rxg5+ Kf6 51.
Rb5 Rc1 52. f4 Rc2+ 53. Kf3 Rd2 54. e4 Rd3+ 55. Kg4 Rd1 56. Rb6+ Ke7 57. Kf5 Rc1 58. e5 Rf1 59. Rb7+ Kf8 60. b4 Rf2 61. b5 Rf1 62. b6 1-0

[Event "*** Titled Tuesday Blitz"]
[Site "Chess.com"]
[Date "2020.04.07"]
[Round "2"]
[White "LastHeroJr"]
[Black "ChelsieMonica"]
[Result "1-0"]
[WhiteElo "2555"]
[BlackElo "2227"]
[TimeControl "180+1"]
[EndTime "13:20:02 PDT"]
[Termination "LastHeroJr won by checkmate"]

1. e4 e5 2. Nf3 Nc6 3. Bc4 Bc5 4. O-O Nf6 5. d3 O-O 6. a4 a5 7. c3 Be7 8. Re1 d6 9. h3 Be6 10. Nbd2 h6 11. Qb3 Qc8 12. Nf1 Kh8 13. Ng3 Nd8 14. d4 Bxc4 15. Qxc4 Nd7 16. Nf5 Bf6 17. Nh2 Nb6 18. Qd3 exd4 19. cxd4 c5 20. e5 c4 21. Qc2 dxe5 22. dxe5 Bg5 23. f4 g6 24. Nd6 Qc6 25. fxg5 h5 26. Nf3 Ne6 27. Be3 Nd5 28. Qxc4 Qxc4 29. Nxc4 Rac8 30. Rac1 Nxe3 31. Nxe3 Rcd8 32.
Nc4 Rd5 33. Nd6 b6 34. Red1 Rc5 35. Rxc5 Nxc5 36. Rd4 Kg7 37. Kf2 Rb8 38. Ke2 Ne6 39. Rc4 b5 40. axb5 a4 41. Rc6 a3 42. bxa3 Ra8 43.
Rc3 Ra4 44. b6 Ra8 45. b7 Rb8 46. a4 Nf4+ 47. Kf2 Nd5 48. Rb3 Nc7 49. a5 Kf8 50.
Nd4 f6 51. gxf6 g5 52. Nc6 Rxb7 53. Rxb7 Ne8 54. Rf7+ Kg8 55. Ne7+ Kh8 56. Ng6+ Kg8 57. Re7 Nxd6 58. exd6 h4 59. d7 g4 60. d8=Q# 1-0

[Event "*** Titled Tuesday Blitz"]
[Site "Chess.com"]
[Date "2020.04.07"]
[Round "2"]
[White "TomPolgar"]
[Black "olksuna"]
[Result "0-1"]
[WhiteElo "2311"]
[BlackElo "2597"]
[TimeControl "180+1"]
[EndTime "13:20:02 PDT"]
[Termination "olksuna won by checkmate"]

1. e4 c5 2. Nf3 Nc6 3. Bb5 g6 4. O-O Bg7 5. Re1 e5 6. b4 Nxb4 7. Bb2 a6 8. a3 axb5 9. axb4 Rxa1 10. Bxa1 d6 11. bxc5 Ne7 12. cxd6 Qxd6 13. d4 exd4 14.
Bxd4 O-O 15. Bxg7 Qxd1 16. Rxd1 Kxg7 17. Nc3 b4 18. Na2 Nc6 19. h3 Be6 20. Nc1 Rc8 21. Nd3 b3 22. cxb3 Bxb3 23. Rc1 b6 24. Nd4 Ba4 25. Nb2 Nxd4 26. Rxc8 Bc6 27. f3 f5 28. exf5 gxf5 29. Nd3 Bb5 30. Nf4 Ba6 31. Ra8 Bc4 32. Rd8 Nc2 33. Rd7+ Kf6 34. Rxh7 b5 35. Rb7 b4 36. Kf2 b3 37. Ne2 Na3 38. f4 Nb5 39. Rb6+ Ke7 40. Ng3 b2 41. Nxf5+ Kd7 42. Rb7+ Kc6 43.
Rg7 b1=Q 44. Rg6+ Kb7 45. Rg7+ Ka6 46. Ne3 Qb2+ 47. Kf3 Qd4 48. Rg4 Bd5+ 49. Nxd5 Qxd5+ 50. Kg3 Nd4 51. Kh2 Qe4 52. Kg3 Qe3+ 53. Kh2 Ne2 54. Rg5 Qg1# 0-1

[Event "*** Titled Tuesday Blitz"]
[Site "Chess.com"]
[Date "2020.04.07"]
[Round "2"]
[White "Chigorinetz"]
[Black "Maili15"]
[Result "1-0"]
[WhiteElo "2509"]
[BlackElo "2280"]
[TimeControl "180+1"]
[EndTime "13:20:02 PDT"]
[Termination "Chigorinetz won by resignation"]

1. e4 c5 2. Nc3 d6 3. Nf3 Nf6 4.
e5 dxe5 5. Nxe5 Nbd7 6. d4 cxd4 7.
Qxd4 Nxe5 8. Qxe5 e6 9. Nb5 Nd5 10. c4 Bb4+ 11. Ke2 a6 12. Qxg7 Rf8 13. cxd5 axb5 14.
Qd4 Qe7 15. Kf3 Bd7 16. Bf4 exd5 17. Bd3 Ra6 18. a3 Bc5 19. Qe5 Qxe5 20. Bxe5 f6 21. Bf4 Rf7 22. Rac1 Bd6 23. Rhe1+ Kf8 24. Bh6+ Kg8 25. h3 Bf8 26. Bf4 Bc6 27. g4 Ra4 28. Kg3 Rd4 29. Bf5 h5 30. Be6 h4+ 31. Kf3 Rc4 32. Bxf7+ Kxf7 33. Rxc4 bxc4 34. Ke2 d4 35. f3 Bc5 36. Rd1 b5 37. Kd2 d3 38. Be3 Bxe3+ 39. Kxe3 Ke6 40. f4 Kd5 41. Rd2 Kc5 42.
g5 fxg5 43. fxg5 Bd5 44. g6 b4 45. g7 bxa3 46. bxa3 Kb5 47. Kd4 Be6 48. Kc3 Ka4 49. Rg2 Kxa3 50. g8=Q 1-0

[Event "*** Titled Tuesday Blitz"]
[Site "Chess.com"]
[Date "2020.04.07"]
[Round "2"]
[White "fireheart92"]
[Black "SONOFHOLYGOD"]
[Result "1-0"]
[WhiteElo "2880"]
[BlackElo "2581"]
[TimeControl "180+1"]
[EndTime "13:20:03 PDT"]
[Termination "fireheart92 won on time"]

1. d4 Nf6 2. c4 e6 3. Nc3 d5 4. Nf3 Be7 5. Bf4 O-O 6. a3 b6 7. Qc2 Bb7 8. Rd1 Nbd7 9. cxd5 exd5 10. e3 a6 11. Bd3 c5 12. Ne5 cxd4 13. exd4 b5 14.
Nxd7 Qxd7 15. O-O g6 16. Rfe1 Rac8 17. h3 Ne4 18. Bxe4 dxe4 19. d5 b4 20. axb4 Bxb4 21.
Qxe4 a5 22. Bh6 f5 23. Qe6+ Qxe6 24. dxe6 Rfd8 25. Rd7 Be4 26. Nxe4 fxe4 27. Rxe4 Re8 28. Rg7+ Kh8 29. Rb7 Bd6 30. g3 Kg8 31. Rd4 Be5 32. Re4 Bf6 33. Kg2 Rc6 34. Rf7 Bxb2 35. Ref4 Rcc8 36.
e7 Ba3 37. Rg7+ Kh8 38. Rff7 Bb2 39. Rxh7+ Kg8 40. Bd2 a4 41. Bb4 Be5 42. h4 Bb2 43. g4 Rb8 44. Bc5 Rbc8 45. Bd6 Ra8 46. Ba3 Bf6 47. g5 Be5 48. f4 Bd4 49. h5 gxh5 50.
f5 1-0

[Event "*** Titled Tuesday Blitz"]
[Site "Chess.com"]
[Date "2020.04.07"]
[Round "2"]
[White "DoHoChess"]
[Black "sergiochess83"]
[Result "0-1"]
[WhiteElo "2555"]
[BlackElo "2853"]
[TimeControl "180+1"]
[EndTime "13:20:03 PDT"]
[Termination "sergiochess83 won by resignation"]

1. d4 Nf6 2. c4 e6 3. g3 c5 4. Nf3 cxd4 5. Nxd4 d5 6. Bg2 e5 7. Nf3 d4 8. O-O Nc6 9. e3 Be7 10. exd4 exd4 11. Bf4 Be6 12. Ne5 Rc8 13. Nxc6 bxc6 14. Be5 c5 15. Bb7 O-O 16. Nd2 Nd7 17. Bxc8 Qxc8 18.
Re1 Re8 19. b3 Bf8 20. Bf4 h6 21. Ne4 Qc6 22. Qf3 Rc8 23. Nd2 g5 24. Be5 Qxf3 25.
Nxf3 Bg4 26. Nxd4 Nxe5 27. Nb5 Nf3+ 28. Kg2 Nxe1+ 29. Rxe1 a6 30. Nc3 Be6 31. Ne4 Be7 32.
h3 Rd8 33. g4 Rd4 34. Nc3 Rd3 35.
Ne4 h5 36. f3 h4 37. Re2 Kg7 38. Nf2 Rd4 39. Ne4 Kg6 40. Nc3 Bd6 41. Ne4 a5 42.
Nc3 Bf8 43. Ne4 a4 44. Nc3 axb3 45. axb3 Rd3 46. Rc2 Be7 47. Kf2 Bf6 48. Ne4 Bd4+ 49. Kg2 Rxb3 50. Nd6 Rb2 51. Rxb2 Bxb2 52. Kf2 Be5 53.
Ne4 Bd4+ 54. Kg2 Bxc4 0-1

[Event "*** Titled Tuesday Blitz"]
[Site "Chess.com"]
[Date "2020.04.07"]
[Round "2"]
[White "GMG"]
[Black "ChessicallyInclined"]
[Result "1-0"]
[WhiteElo "2793"]
[BlackElo "2527"]
[TimeControl "180+1"]
[EndTime "13:20:03 PDT"]
[Termination "GMG won by resignation"]

1. d4 Nf6 2. Bg5 e6 3. e3 h6 4.
Bh4 d5 5. Nd2 Nbd7 6. Ngf3 Be7 7. Bd3 c5 8. c3 b6 9. a4 Bb7 10. Ne5 Nxe5 11. dxe5 Nd7 12. Bg3 d4 13. Be4 Bxe4 14.
Nxe4 dxe3 15. fxe3 Qc7 16. Nd6+ Bxd6 17. exd6 Qc6 18. O-O O-O 19. Qd3 Rae8 20. Qb5 Qb7 21. c4 a6 22. Qb3 Qc6 23. a5 Rb8 24. axb6 Rxb6 25. Qc2 Rfb8 26. Ra2 R8b7 27. Rfa1 e5 28. Rd1 f6 29. h4 Nf8 30. Rd5 Rd7 31. Ra5 Rxd6 32. Raxc5 Qd7 33. e4 Ne6 34. Rxd6 Rxd6 35. Rd5 Qc6 36. Bf2 Nf4 37. Rxd6 Qxd6 38. c5 Qc6 39.
Be3 Kf7 40. Bxf4 exf4 41. h5 Ke6 42. Qc4+ Ke5 43. Kf2 f5 44. exf5 Kxf5 45. Qd4 Kg5 46. Qd6 Qe4 47. c6 Qe3+ 48. Kf1 Qc1+ 49. Ke2 Qxb2+ 50.
Kd3 Qb3+ 51. Kd4 Qd1+ 52. Kc5 Qg1+ 53. Qd4 Qxg2 54. c7 Qc2+ 55. Kb6 Qf5 56. Qc5 Qxc5+ 57. Kxc5 f3 58. c8=Q Kxh5 59. Qf8 Kg4 60. Qxg7+ Kh3 61. Qxh6+ Kg2 62. Qg5+ Kf1 63. Qc1+ Kg2 64. Qg5+ Kf1 65. Kd4 f2 66. Ke3 1-0

[Event "*** Titled Tuesday Blitz"]
[Site "Chess.com"]
[Date "2020.04.07"]
[Round "2"]
[White "dusanacns"]
[Black "english_player_89"]
[Result "0-1"]
[WhiteElo "2736"]
[BlackElo "2588"]
[TimeControl "180+1"]
[EndTime "13:20:03 PDT"]
[Termination "english_player_89 won by resignation"]

1. e4 e5 2. Nf3 Nc6 3. Bb5 a6 4.
Ba4 Nf6 5. O-O Be7 6. Re1 b5 7. Bb3 d6 8. c3 O-O 9. h3 Nb8 10. d4 Nbd7 11. Nbd2 Bb7 12. Bc2 Re8 13. Nf1 Bf8 14.
Ng3 g6 15. a4 Bg7 16. Bd3 c6 17. Bg5 h6 18. Be3 Qc7 19. Qd2 Kh7 20. b4 Nb6 21. dxe5 dxe5 22. a5 Nbd7 23. c4 bxc4 24. Bxc4 c5 25. Bxf7 Rf8 26. Ba2 Nxe4 27. Nxe4 Bxe4 28. bxc5 Bxf3 29. gxf3 Rxf3 30. Bd5 Raf8 31. c6 e4 32.
Bxe4 Ne5 33. Kg2 Qc8 34. Rh1 Nc4 35. Qd7 Nxe3+ 36. fxe3 Rf2+ 37. Kg1 Qxd7 38. cxd7 Bxa1 39. d8=Q Rf1+ 40. Kg2 R8f2+ 41. Kg3 Be5+ 42. Kg4 h5+ 43. Kg5 Bf6+ 44. Qxf6 Rxf6 45. Rxf1 Rxf1 46. Bxg6+ Kg7 47. Bxh5 Ra1 48. Be2 Rxa5+ 49. Kf4 Kf6 50. e4 Ra2 51. e5+ Ke7 52. Bd3 a5 53. Ke4 a4 54.
Kd4 Rd2 55. Kc3 a3 0-1